 Dungeon Crawl Stone Soup version 0.15-a0-110-gb05c47c (webtiles) character file.

286 Qrupt the Sneak (level 5, -1/28 HPs)
             Began as a Kobold Enchanter on Apr 10, 2014.
             Killed from afar by TZer0's ghost (6 damage)
             ... with a stone arrow
             ... on Level 3 of the Dungeon.
             The game lasted 00:09:30 (3423 turns).

Qrupt the Sneak (Kobold Enchanter)                  Turns: 3423, Time: 00:09:30

HP  -1/28        AC  4     Str  9      XL: 5   Next: 49%
MP   9/9         EV 16     Int 13      God:
Gold 144         SH  0     Dex 18      Spells:  2 memorised,  5 levels left

rFire  . . .     SeeInvis .     a - +1 dagger
rCold  . . .     Clarity  .     b - +1 robe
rNeg   . . .     Conserve .     (no shield)
rPois  .         rCorr    .     (no helmet)
rElec  .         rRot     .     (no cloak)
SustAb . .       Spirit   .     n - +0 pair of gloves {Dex+3}
rMut   .         Warding  .     (no boots)
Saprov + + .     Stasis   .     (no amulet)
MR     .....                    (no ring)
                                (no ring)

@: not resistant to hostile enchantments, quite stealthy
A: disease resistance, carnivore 3, saprovore 2
a: no special abilities


You were on level 3 of the Dungeon.
You were not hungry.

You visited 1 branch of the dungeon, and saw 3 of its levels.

You collected 144 gold pieces.

Inventory:

Hand weapons
 a - a +1,+1 dagger (weapon)
Missiles
 d - 12 darts (quivered)
Armour
 b - a +1 robe (worn)
 h - a +0 pair of gloves
 n - a +0 pair of gloves of dexterity (worn)
Magical devices
 j - a wand of slowing (6)
Comestibles
 f - a meat ration
Scrolls
 e - 2 scrolls of magic mapping {unknown}
 g - 4 scrolls of identify {unknown}
 i - 2 scrolls of remove curse {unknown}
 l - 2 scrolls of fog {unknown}
 m - a scroll of enchant armour {unknown}
 s - a scroll of amnesia {unknown}
 t - a scroll of enchant weapon I {unknown}
 v - a scroll of immolation {unknown}
 w - a scroll of enchant weapon II {unknown}
Jewellery
 k - an uncursed ring of teleport control {unknown}
 o - a cursed +1 ring of protection {unknown}
 r - an uncursed ring of sustenance {unknown}
Potions
 p - a potion of magic {unknown}
 q - a potion of poison {unknown}
 u - a potion of restore abilities {unknown}
Books
 c - a book of Maledictions

   Spells                             Type                      Level
   *Corona                            Hexes                        1
   Sure Blade                         Hexes/Charms                 2
   *Ensorcelled Hibernation           Hexes/Ice                    2
   Confuse                            Hexes                        3
   Enslavement                        Hexes                        4
   Invisibility                       Hexes                        6


   Skills:
 - Level 1.3 Short Blades
 - Level 1.3 Throwing
 + Level 2.7 Dodging
 + Level 5.1 Stealth
 - Level 2.0 Spellcasting
 - Level 4.1 Hexes
 - Level 2.0 Ice Magic


You had 5 spell levels left.
You knew the following spells:

 Your Spells              Type           Power        Failure   Level  Hunger
a - Corona                Hex            ##.....      6%          1    ##.....
b - Ensorcelled Hibernat  Hex/Ice        #.....       12%         2    ###....


Dungeon Overview and Level Annotations

Branches:
Dungeon (3/15)

Altars:
Cheibriados
Fedhas

Annotations:
D:3 TZer0's ghost, average GrEE


Innate Abilities, Weirdness & Mutations

You recuperate from illness quickly.
You are small and have problems with some larger weapons.
You are carnivorous and can eat meat at any time.
You can eat rotten meat.


Message History

You can't see any susceptible monsters within range! (Use Z to cast anyway.) TZer0's ghost completely misses you.
An orc comes into view.
Casting: Ensorcelled Hibernation
Confirm with . or Enter, or press ? or * to list all spells.
You can't see any susceptible monsters within range! (Use Z to cast anyway.) Unknown command.
TZer0's ghost points at you and mumbles some strange words.
The stone arrow misses you.
TZer0's ghost gestures at you while chanting.
The stone arrow misses you.
TZer0's ghost points at you and mumbles some strange words.
The stone arrow hits you!
Ouch! That really hurt!
* * * LOW HITPOINT WARNING * * *
TZer0's ghost shouts, "You must not succeed where I failed!"
TZer0's ghost screams, "You must not succeed where I failed!"
TZer0's ghost gestures at you while chanting.
The stone arrow hits you!
You die...

##################
#####.........o.......
#>....p..p............
#.###.################ #.#
#.# #.########.# #.#
#..........# #.#
#..#######.###@##############
#...........................#
#..#######.###.####.#######.#
#..# #.# #.# #.## #.# #..#
#.# #.# #..# #.+ #..# #.# #.#
##'## #.# #..# #.# #.#
##8.8#####.### #..#
###.###.###8...8##...... #..#
#.....#.##8.....8###.###


You could see TZer0's ghost.

Vanquished Creatures
  An orc wizard (D:2)
  Terence (D:2)
  3 adders (D:2)
  A worm (D:3)
  5 giant geckos (D:1)
  2 oozes
  4 orcs (D:2)
  11 bats
  3 giant cockroaches
  7 goblins
  9 hobgoblins
  A quokka (D:2)
  3 kobolds
  5 rats
56 creatures vanquished.

Notes
Turn   | Place    | Note
--------------------------------------------------------------
     0 | D:1      | Qrupt, the Kobold Enchanter, began the quest for the Orb.
     0 | D:1      | Reached XP level 1. HP: 10/10 MP: 3/3
   215 | D:1      | Reached XP level 2. HP: 12/15 MP: 4/4
   219 | D:1      | Learned a level 2 spell: Ensorcelled Hibernation
   303 | D:1      | Reached skill level 4 in Stealth
   618 | D:1      | Reached XP level 3. HP: 16/19 MP: 6/6
   949 | D:1      | Reached skill level 5 in Stealth
  1520 | D:2      | Reached skill level 1 in Ice Magic
  1559 | D:2      | Found a blossoming altar of Fedhas.
  1748 | D:2      | Reached XP level 4. HP: 17/24 MP: 7/7
  2128 | D:2      | Found a snail-covered altar of Cheibriados.
  2589 | D:2      | Reached XP level 5. HP: 28/28 MP: 1/9
  2729 | D:2      | Noticed Terence
  2734 | D:2      | Killed Terence
  3054 | D:3      | Noticed TZer0's ghost (average GrEE)
  3423 | D:3      | Killed from afar by TZer0's ghost

Action                   |  1- 3 |  4- 6 || total
-------------------------+-------+-------++-------
Melee: Dagger            |   148 |    98 ||   246
 Cast: Ensorcelled Hiber |     4 |    16 ||    20
  Use: Potion            |       |     1 ||     1
 Stab: Sleeping          |    10 |    11 ||    21
